 Dungeon Crawl Stone Soup version 0.27-a0-828-g8289197e94 (webtiles) character file.

Game seed: 16170159002019133091

119 dickylongcocking the Cutter (level 5, -11/40 HPs)
             Began as a Djinni Abyssal Knight on Mar 30, 2021.
             Was a Follower of Lugonu.
             Killed by nerve-wracking pain
             ... invoked by Grinder
              (13 damage)
             ... on level 3 of the Dungeon.
             The game lasted 00:04:04 (4271 turns).

dickylongcocking the Cutter (Djinni Abyssal Knight) Turns: 4271, Time: 00:04:05

Health: -11/40     AC:  7    Str:  8 (11) XL:     5   Next: 3%
Gold:   31         EV: 10    Int: 14 (15) God:    Lugonu [*.....] SH:  0 Dex: 10 (12)

rFire    + + .     SeeInvis .   d - +0 dagger (drain)
rCold    x . .     Faith    +   (no shield)
rNeg     . . .     Spirit   .   g - +0 ring mail
rPois    ∞         Reflect  .   (no helmet)
rElec    .         Harm     .   n - +1 cloak {rCorr}
rCorr    +         Rampage  .   (no gloves)
Will     .....                  (boots unavailable)
Stlth    ..........             l - amulet of faith
HPRegen  0.13/turn              (no ring)
MPRegen  0.00/turn              (no ring)

@: flying
A: fire resistance 2, cold vulnerability 1, float, innate caster, hp casting,
extra vitality 1
a: Renounce Religion, Depart the Abyss


You were on level 3 of the Dungeon.
You worshipped Lugonu.
Lugonu was aware of your devotion.
You visited 1 branch of the dungeon, and saw 4 of its levels.
You visited the Abyss 1 time.

You collected 229 gold pieces.
You spent 198 gold pieces at shops.

Inventory:

Hand Weapons
 a - a +1 short sword
 c - a +0 rapier
 d - a +0 dagger of draining (weapon)
Armour
 b - a +0 leather armour
 e - a +0 cloak
 g - a +0 ring mail (worn)
 n - a +1 cloak of preservation (worn)
Magical Staves
 i - a staff of cold
Jewellery
 l - an amulet of faith (around neck)
Wands
 k - a wand of flame (25)


   Skills:
 * Level 3.0 Fighting
 * Level 4.0 Short Blades
 - Level 1.0 Armour
 - Level 2.1 Dodging
 * Level 1.5 Spellcasting
 * Level 1.8 Invocations


You had 4 spell levels left.
You knew the following spells:

 Your Spells              Type           Power      Damage    Failure   Level
a - Shock                 Conj/Air       20%        1d4       38%         1
b - Corpse Rot            Necr/Air       N/A        N/A       52%         2
Your spell library was empty.

Dungeon Overview and Level Annotations

Branches:
Dungeon (4/15)
 Temple: D:4-7

Altars:
Elyvilon

Shops:
D:3 *   D:4 [

Annotations:
D:3 Grinder


Innate Abilities, Weirdness & Mutations

You are immune to poison.
Your flesh is very heat resistant. (rF++)
You are vulnerable to cold. (rC-)
You float through the air rather than walking.
You learn spells naturally, not from books.
Your magical power is your life essence.
You have superior vitality. (+4 HP)


Message History

You writhe in agony.
Casting: Shock (safe; 38% risk of failure)
Confirm with . or Enter, or press ? or * to list all spells.
Okay, then.
Okay, then.
Grinder gestures at you. Pain shoots through your body!
Unknown command.
Grinder gestures at you.
You suddenly lose the ability to move!
You can move again.
There is a stone staircase leading down here.
Unknown command.
Unknown command.
Grinder gestures at you. Pain shoots through your body!
Unknown command.
Blink to where?
Press: ? - help, Dir - move target, p - Grinder
As you read the scroll of blinking, it crumbles to dust.
Unknown command.
Grinder gestures at you.
You suddenly lose the ability to move!
Grinder gestures at you.
You shrug off the repeated paralysis!
Grinder hits you.
You writhe in agony.
* * * LOW HITPOINT WARNING * * *
Grinder blinks!
Grinder gestures at you. Pain shoots through your body!
* * * LOW HITPOINT WARNING * * *
You can move again.
Unknown command.
Unknown command.
Unknown command.
You hit Grinder but do no damage. Grinder hits you but does no damage.
You hit Grinder but do no damage. Grinder gestures at you.
Pain shoots through your body!
You die...

..#...........#
#......######.#
#......# #.#
.......# #.#
##.....# #)####
##.....######....#
............[.>#.#
.#########.###.#5#
.#.............#@#
.#......########.#
.#......##.......#
.#......##.#######
........'..#
........####
..####### ..# ..#


You could see Grinder.

Vanquished Creatures
  An orc priest (D:3)
  An orc wizard (D:2)
  An adder (D:2)
  2 orcs (D:3)
  7 ball pythons
  4 bats
  7 endoplasms
  A giant cockroach (D:2)
  A goblin (D:2)
  5 hobgoblins
  4 jackals
  3 quokkas
  2 frilled lizards
  A jackal skeleton (D:4)
  4 kobolds
  7 rats
51 creatures vanquished.

Notes
Turn   | Place    | Note
-------+----------+-------------------------------------------
     0 | Abyss:1  | dickylongcocking the Djinni Abyssal Knight began the quest
                  | for the Orb.
     0 | Abyss:1  | Reached XP level 1. HP: 20/20 MP: 0/0
    31 | Abyss:2  | Noticed a hell hound
    31 | Abyss:2  | Noticed a hell hound
    32 | Abyss:2  | Noticed a hell hound
    37 | D:1      | Escaped the Abyss
   251 | D:1      | Reached skill level 2 in Short Blades
   300 | D:1      | Reached XP level 2. HP: 12/25 MP: 0/0
  1255 | D:1      | Reached skill level 3 in Short Blades
  1262 | D:1      | Reached * piety under Lugonu
  1272 | D:1      | Reached XP level 3. HP: 15/30 MP: 0/0
  1272 | D:1      | Learned a level 1 spell: Shock
  1547 | D:2      | Found a faded altar of an unknown god.
  1773 | D:2      | Found a white marble altar of Elyvilon.
  2427 | D:3      | Noticed Grinder
  2442 | D:3      | Paralysed by Grinder for 2 turns
  2857 | D:3      | Reached XP level 4. HP: 35/35 MP: 0/0
  3282 | D:2      | Reached skill level 1 in Spellcasting
  3486 | D:3      | Reached skill level 4 in Short Blades
  3529 | D:3      | Found Nethip's Assorted Antiques.
  3603 | D:3      | Paralysed by Grinder for 2 turns
  3824 | D:3      | Paralysed by Grinder for 4 turns
  3891 | D:4      | Found Imnis's Armour Shop.
  3901 | D:4      | Bought a +1 cloak of preservation for 198 gold pieces
  3921 | D:4      | Reached XP level 5. HP: 37/40 MP: 0/0
  3921 | D:4      | Learned a level 2 spell: Corpse Rot
  4250 | D:3      | Paralysed by Grinder for 3 turns
  4260 | D:3      | Paralysed by Grinder for 7 turns
  4265 | D:3      | HP: 1/40 [Grinder/nerve-wracking pain (9)]
  4271 | D:3      | Killed from afar by Grinder

Illustrated notes

Levels and vault maps discovered:
D:1:      amcnicky_arrival_single_pillar, layout_rooms
D:2:      layout_loops_ring, elyvilon_altar_5, chequers_ecumenical_altar_island,
          lemuel_old_faithful
D:3:      layout_basic, serial_shops, nicolae_shop_statue_plus, uniq_grinder
D:4:      layout_cave_pools, serial_shops, shop

Skill      XL: |  1  2  3  4 |
---------------+-------------+-----
Short Blades   | 2 3 4 |  4.0
Spellcasting   | 1 |  1.5
Fighting       | |  3.0
Armour         | |  1.0
Dodging        | |  2.1
Invocations    | |  1.8

Action                   |  1- 3 |  4- 6 || total
-------------------------+-------+-------++-------
Melee: Rapier            |   144 |    14 ||   158
       Dagger            |       |    33 ||    33
 Cast: Shock             |     1 |     4 ||     5
Invok: Depart the Abyss  |     1 |       ||     1
Evoke: Wand              |       |     2 ||     2
  Use: Potion            |     4 |     1 ||     5
       Scroll            |     2 |     3 ||     5
Armor: Leather armour    |    16 |       ||    16
       Ring mail         |    38 |    13 ||    51
Dodge: Dodged            |    70 |    23 ||    93

Table legend: (Time is in decaauts)
 A = Elapsed time spent in this place.
 B = Non-inter-level travel time spent in this place.
 C = Inter-level travel time spent in this place.
 D = Time resting spent in this place.
 E = Time spent auto-exploring this place.
 F = Levels seen in this place.
 G = Mean time per level.
                   A        B        C        D        E       F      G
               +--------+--------+--------+--------+--------+-----+--------+
         Total |   4278 |   4078 |    200 |   1765 |   1703 |   6 |  713.0 |
       Dungeon |   4242 |   4042 |    200 |   1765 |   1699 |   4 | 1060.5 |
         Abyss |     36 |     36 |      0 |      0 |      4 |   2 |   18.0 |
               +--------+--------+--------+--------+--------+-----+--------+

Top non-repeatable levels by time:
     D:2: 2009 daAuts
     D:1: 1485 daAuts
     D:3: 594 daAuts
     D:4: 152 daAuts
 Abyss:2: 30 daAuts
 Abyss:1: 6 daAuts
